 Dungeon Crawl Stone Soup version 0.32-a0-12-g7fc57aa741 (webtiles) character file.

Game seed: 7465119596949538795

64 oldriver the Firebug (level 3, 0/26 HPs)
             Began as a Demonspawn Fire Elementalist on Jan 15, 2024.
             Slain by a gnoll
             ... wielding a +0 spear
              (4 damage)
             ... on level 3 of the Dungeon.
             The game lasted 00:03:05 (3187 turns).

oldriver the Firebug (Demonspawn Fire Elementalist) Turns: 3187, Time: 00:03:05

Health: 0/26       AC:  3    Str:  8    XL:     3   Next: 91%
Magic:  4/7        EV:  6    Int: 17    God:
Gold:   73         SH:  0    Dex: 13    Spells: 5/8 levels left

rFire   . . .        n - +0 short sword (venom)
rCold   . . .        (no shield)
rNeg    . . .        a - +0 robe
rPois   .            (no helmet)
rElec   .            (no cloak)
rCorr   .            g - +0 pair of gloves
SInv    .            (no boots)
Will    .....        (no amulet)
Stlth   ++           (no ring)
HPRegen 0.24/turn    (no ring)
MPRegen 0.20/turn

%: no passive effects
@: held
A: magic regeneration
a: no special abilities


You were on level 3 of the Dungeon.
You visited 1 branch of the dungeon, and saw 3 of its levels.

You collected 73 gold pieces.

Inventory:

Hand Weapons
 n - a +0 short sword of venom (weapon)
Armour
 a - a +0 robe (worn)
 g - a +0 pair of gloves (worn)
Scrolls
 d - 2 scrolls of teleportation {unknown}
 i - a scroll of identify {unknown}
 j - a scroll of summoning {unknown}
 l - a scroll of immolation {unknown}
Potions
 b - a potion of magic
 c - 2 potions of heal wounds {unknown}
 e - 2 potions of lignification {unknown}
 f - a potion of ambrosia {unknown}
 k - a potion of enlightenment {unknown}
 m - a potion of degeneration {unknown}


   Skills:
 + Level 1.3 Fighting
 - Level 1.7 Dodging
 - Level 1.7 Stealth
 * Level 3.0 Spellcasting
 + Level 1.8 Conjurations
 + Level 3.0 Fire Magic


You had 5 spell levels left.
You knew the following spells:

 Your Spells              Type           Power      Damage    Failure   Level
a - Foxfire               Conj/Fire      40%        2x1d6     6%          1
b - Scorch                Fire           26%        2d6       8%          2

Your spell library contained the following spells:

 Spells                   Type           Power      Damage    Failure   Level
 Static Discharge         Conj/Air       10%        3-4/arc   19%         2
 Inner Flame              Hex/Fire       7%         N/A       28%         3
 Volatile Blastmotes      Fire/Tloc      14%        2d11      28%         3
 Flame Wave               Conj/Fire      10%        2d6       54%         4
 Airstrike                Air            1%         2d(1-17)  86%         4
 Summon Lightning Spire   Summ/Air       2%         N/A       86%         4


Dungeon Overview and Level Annotations

Branches:
Dungeon (3/15)

Altars:

Shops:
D:1 [?   D:2 [?


Innate Abilities, Weirdness & Mutations

You regenerate magic rapidly.


Message History

There is an open door here.
You see here a +0 short sword.
There is a stone staircase leading down here.
You climb downwards.
The hound barks!
The gnoll shouts! x4
Found a scroll labelled IGIHIL XECWIRU.
There is a stone staircase leading up here.
There are monsters nearby!
There are monsters nearby!
There are monsters nearby!
There are monsters nearby!
You conjure some foxfire!
You conjure some foxfire!
The foxfire hits the dart slug.
The dart slug is heavily wounded.
The foxfire hits the giant cockroach.
You kill the giant cockroach!
The gnoll throws a throwing net.
The throwing net hits you.
You become entangled in the net!
Your Spellcasting skill increases to level 3!
You struggle against the net.
The foxfire hits the gnoll.
The gnoll is lightly wounded.
The foxfire hits the gnoll.
The gnoll is moderately wounded.
A bat comes into view.
The bat moves out of view.
You struggle against the net.
The gnoll hits you with a +0 whip.
The gnoll hits you from afar with a +0 spear!
Unknown command.
Casting: Foxfire (safe; 6% risk of failure)
Confirm with . or Enter, or press ? or * to list all spells.
Flames lash the gnoll.
The gnoll is severely wounded.
The gnoll's fire resistance burns away.
The dart slug launches a dart at you. The slug dart hits you.
The gnoll hits you from afar with a +0 spear.
The gnoll hits you with a +0 whip.
* * * LOW HITPOINT WARNING * * *
The gnoll hits you with a +0 spear.
You die...

#### #..# #..#
#..# #..# #@.#
.....ggg...†...
.....gh..#.#.##
.......... w.
........... ?#
....#######. #
.... .. ... .#


You could see a hound, 4 gnolls and a dart slug.

Vanquished Creatures
  2 adders (D:2)
  2 dart slugs
  5 endoplasms (D:2)
  5 giant cockroaches
  A goblin (D:1)
  7 hobgoblins
  A quokka (D:2)
  4 ball pythons
  2 frilled lizards (D:1)
  4 kobolds
  5 rats
38 creatures vanquished.

Vanquished Creatures (others)
  200 foxfires
200 creatures vanquished.

Grand Total: 238 creatures vanquished

Notes
Turn   | Place    | Note
-------+----------+-------------------------------------------
     0 | D:1      | oldriver the Demonspawn Fire Elementalist began the quest
                  | for the Orb.
     0 | D:1      | Reached XP level 1. HP: 13/13 MP: 3/3
   320 | D:1      | Found Lesoan's Antique Armour Emporium.
   696 | D:1      | Gained mutation: You regenerate magic rapidly. [demonic
                  | ancestry]
   696 | D:1      | Reached XP level 2. HP: 20/20 MP: 1/5
   811 | D:1      | Found Jasiuptem's Magic Scroll Emporium.
  1499 | D:2      | Found Ublexze's Antique Armour Shop.
  1739 | D:2      | Reached skill level 1 in Fighting
  1766 | D:2      | Found Byhufabb's Magic Scroll Shop.
  1837 | D:2      | Reached XP level 3. HP: 26/26 MP: 2/6
  2498 | D:2      | Learned a level 2 spell: Scorch
  3187 | D:3      | Slain by a gnoll

Illustrated notes

Levels and vault maps discovered:
D:1:      dpeg_arrival_three_same_balls, layout_loops_corners, serial_shops,
          shop, shop
D:2:      layout_basic, serial_shops, nicolae_shop_tiny_statue_garden,
          shop_scrolls
D:3:      layout_basic, nicolae_uskayaw_suspiria, mainiacjoe_overflow_paths

Skill      XL: |  1  2  3 |
---------------+----------+-----
Fighting       | 1 |  1.3
Fire Magic     | 3 |  3.0
Spellcasting   | 3 |  3.0
Dodging        | |  1.7
Stealth        | |  1.7
Conjurations   | |  1.8

Action                     || total
---------------------------++-------
  Melee: Unarmed           ||    11
         Dagger            ||     2
   Cast: Foxfire           ||   129
         Scorch            ||     1
 Armour: Robe              ||    19
  Dodge: Dodged            ||     9

Table legend: (Time is in decaauts)
 A = Elapsed time spent in this place.
 B = Non-inter-level travel time spent in this place.
 C = Inter-level travel time spent in this place.
 D = Time resting spent in this place.
 E = Time spent auto-exploring this place.
 F = Levels seen in this place.
 G = Mean time per level.
                   A        B        C        D        E       F      G
               +--------+--------+--------+--------+--------+-----+--------+
         Total |   3185 |   3012 |    173 |    302 |   2323 |   3 | 1061.7 |
       Dungeon |   3185 |   3012 |    173 |    302 |   2323 |   3 | 1061.7 |
               +--------+--------+--------+--------+--------+-----+--------+

Top non-repeatable levels by time:
     D:2: 1699 daAuts
     D:1: 1481 daAuts
     D:3: 4 daAuts
